 Dungeon Crawl Stone Soup version 0.28-a0-983-g1de4e0787c (webtiles) character file.

Game seed: 11190895691596723063

7884 vurker the Zephyrmancer (level 11, -6/67 HPs)
             Began as a Tengu Air Elementalist on Dec 2, 2021.
             Was a Follower of Vehumet.
             Killed from afar by an ice dragon (30 damage)
             ... with a blast of cold
             ... on level 9 of the Dungeon.
             The game lasted 00:13:07 (13028 turns).

vurker the Zephyrmancer (Tengu Air Elementalist)   Turns: 13028, Time: 00:13:08

Health: -6/67      AC:  5    Str:  8    XL:     11   Next: 22%
Magic:  3/25       EV: 18    Int: 20    God:    Vehumet [*.....]
Gold:   529        SH:  0    Dex: 15    Spells: 24/29 levels left

rFire   . . .      SeeInvis .   j - +2 short sword (flame)
rCold   . . .      Faith    .   (no shield)
rNeg    . . .      Spirit   .   a - +0 robe
rPois   .          Reflect  .   (helmet restricted)
rElec   .          Harm     .   v - +0 cloak
rCorr   .          Rampage  .   d - +1 pair of gloves
Will    .....                   (boots unavailable)
Stlth   ++........              (no amulet)
HPRegen 0.21/turn               e - +4 ring of evasion
MPRegen 0.19/turn               m - ring of wizardry

@: flying quickly and evasively, quick
A: beak, talons 3, nimble flight
a: Renounce Religion


You were on level 9 of the Dungeon.
You worshipped Vehumet.
Vehumet was aware of your devotion.
You visited 2 branches of the dungeon, and saw 10 of its levels.
You also visited: Bailey.

You collected 529 gold pieces.

Inventory:

Hand Weapons
 j - a +2 short sword of flaming (weapon)
   (You took it off a kobold on level 2 of the Dungeon)
Missiles
 w - a throwing net
Armour
 a - a +0 robe (worn)
 d - a +1 pair of gloves (worn)
   (You found it on level 1 of the Dungeon)
 v - a +0 cloak (worn)
   (You took it off Crazy Yiuf on level 6 of the Dungeon)
Jewellery
 e - a +4 ring of evasion (left hand)
   (You took it off a kobold on level 2 of the Dungeon)
 f - a ring of positive energy
   (You found it on level 7 of the Dungeon)
 m - a ring of wizardry (right hand)
   (You found it on level 3 of the Dungeon)
Wands
 l - a wand of polymorph (6)
   (You found it on level 6 of the Dungeon)
 u - a wand of paralysis (10)
   (You found it on level 8 of the Dungeon)
 x - a wand of acid (6)
   (You found it on level 7 of the Dungeon)
Scrolls
 b - 2 scrolls of noise {unknown}
 c - 2 scrolls of identify
 h - 2 scrolls of fog
 k - 5 scrolls of teleportation
 n - a scroll of holy word {unknown}
 p - 2 scrolls of enchant armour
 q - 2 scrolls of immolation
 t - a scroll of acquirement
 y - a scroll of enchant weapon
Potions
 g - a potion of mutation
 i - a potion of heal wounds
 o - a potion of resistance {unknown}
 r - a potion of lignification {unknown}
 s - 3 potions of curing


   Skills:
 + Level 7.3 Fighting
 - Level 2.1 Dodging
 - Level 2.0 Stealth
 * Level 9.9 Spellcasting
 - Level 5.0 Conjurations
 * Level 14.1 Air Magic


You had 24 spell levels left.
You knew the following spells:

 Your Spells              Type           Power      Damage    Failure   Level
a - Shock                 Conj/Air       100%       1d9       1%          1
c - Airstrike             Air            30%        N/A       1%          4

Your spell library contained the following spells:

 Spells                   Type           Power      Damage    Failure   Level
 Foxfire                  Conj/Fire      76%        2x1d7     1%          1
 Corpse Rot               Necr/Air       76%        N/A       1%          2
 Poisonous Vapours        Pois/Air       76%        N/A       1%          2
 Static Discharge         Conj/Air       48%        N/A       1%          2
 Swiftness                Air            61%        N/A       1%          3
 Slow                     Hex            36%        N/A       2%          1
 Conjure Flame            Conj/Fire      19%        6-21      3%          3
 Blink                    Tloc           18%        N/A       4%          2
 Confusing Touch          Hex            9%         N/A       9%          3
 Ignite Poison            Fire/Tmut/Pois 9%         N/A       9%          3
 Lesser Beckoning         Tloc           9%         N/A       9%          3
 Vampiric Draining        Necr           9%         2d6       9%          3
 Sticky Flame             Conj/Fire      19%        2d4       11%         4
 Manifold Assault         Tloc           9%         N/A       58%         5


Dungeon Overview and Level Annotations

Branches:
Dungeon (9/15)             Temple (1/1) D:7          Bailey (visited)
   Lair: D:8-11         Orc: D:9-12

Altars:
Ashenzari
Cheibriados
Dithmenos
Elyvilon
Fedhas
Gozag
Kikubaaqudgha
Makhleb
Nemelex Xobeh
Qazlal
Trog
Uskayaw
Vehumet
Wu Jian
Xom
Yredelemnul
The Shining One

Shops:
D:3 =


Innate Abilities, Weirdness & Mutations

You have a beak for a mouth.
You have claws for feet.
Your magical nature lets you fly swiftly and evasively.


Message History

The ice dragon breathes frost at you. The blast of cold misses you.
You fly upwards.
There is a stone staircase leading down here.
There is a stone staircase leading down here.
You start resting.
You fly downwards.
There is a stone staircase leading up here.
The ice dragon roars deafeningly!
A centaur comes into view.
The centaur shouts!
The centaur wields a +0 shortbow.
The centaur shoots an arrow.
The arrow hits you.
The centaur shoots an arrow.
The arrow barely misses you.
The centaur drinks a potion.
The centaur seems to speed up.
The centaur shoots an arrow.
The arrow hits you!
The centaur shoots an arrow.
The arrow completely misses you.
The centaur shoots an arrow.
The arrow hits you.
The centaur shoots an arrow.
The arrow misses you.
The centaur shoots an arrow.
The arrow hits you!
The centaur shoots an arrow.
The arrow misses you.
The centaur shoots an arrow.
The arrow barely misses you.
There is a stone staircase leading up here.
Aim: a centaur, wielding a +0 shortbow and quivering arrows (fast, empty space bonus: 8/8)
The air twists around and strikes the centaur!
The centaur shoots an arrow.
The arrow hits you!
The centaur shoots an arrow.
The arrow misses you.
Aim: a centaur, wielding a +0 shortbow and quivering arrows (severely wounded, fast, empty space bonus: 8/8)
The air twists around and strikes the centaur!!
You kill the centaur!
Vehumet accepts your kill.
You feel your power returning.
Aim: an ice dragon (empty space bonus: 8/8)
The air twists around and strikes the ice dragon!
Aim: an ice dragon (lightly wounded, empty space bonus: 4/8)
The air twists around and strikes the ice dragon!
Aim: an ice dragon (moderately wounded, empty space bonus: 4/8)
The air twists around and strikes the ice dragon!
Aim: an ice dragon (moderately wounded, empty space bonus: 8/8)
The air twists around and strikes the ice dragon!
The ice dragon breathes frost at you. The blast of cold misses you.
You don't have enough magic to cast this spell.
Aim: an ice dragon (heavily wounded, 79% to hit)
The bolt of acid hits the ice dragon.
The acid corrodes the ice dragon!
The ice dragon breathes frost at you. The blast of cold hits you!
* * * LOW HITPOINT WARNING * * *
The ice dragon breathes frost at you. The blast of cold hits you!!
You die...

#......######
#.)....#....#
#########............
#........####.♣[..♣..
#......D.#...........
#........#..♣...<...♣
#........#.......D...
#........#....♣...♣..
#...@....#...........
#........#...........
#........#....##.....
#........#....##.....
#........###'###.....
#..............#.....
#########......'.....
#....†.#.....
#......#...##


You could see an ice dragon (catching breath, corroded).

Vanquished Creatures
  Erolcha (D:9)
  Harold (D:9)
  2 two-headed ogres
  Pikel (D:6)
  Joseph (D:9)
  Maggie (D:8)
  Sigmund (D:6)
  A human (D:7)
  4 hogs (D:7)
  A steam dragon (D:8)
  Edmund (D:6)
  5 water moccasins
  2 ice beasts
  A sky beast (D:5)
  6 centaurs
  2 ogres (D:6)
  2 lemures (D:6)
  2 kobold brigands
  A phantom (D:7)
  3 bullfrogs
  2 gnoll sergeants
  A wyvern skeleton (D:6)
  5 killer bees (D:9)
  3 wights (D:9)
  2 howler monkeys (D:7)
  2 centaur zombies
  3 hounds
  4 jellies
  Crazy Yiuf (D:6)
  2 orc priests (D:7)
  A bullfrog skeleton (D:4)
  Jessica (D:2)
  An iguana (D:5)
  5 orc wizards
  2 hound skeletons (D:4)
  A hound zombie (D:5)
  Robin (D:2)
  A howler monkey zombie (D:6)
  7 gnolls
  9 adders
  A shadow imp (D:5)
  A white imp (D:8)
  An ufetubus (D:7)
  2 worms
  A dart slug (D:1)
  15 orcs
  2 bats
  13 endoplasms
  2 giant cockroaches
  18 goblins
  8 hobgoblins
  4 jackals (D:2)
  7 quokkas
  5 ball pythons
  A frilled lizard (D:1)
  25 kobolds
  7 rats
206 creatures vanquished.

Vanquished Creatures (others)
  5 fungi (D:2)
  8 toadstools (D:2)
13 creatures vanquished.

Grand Total: 219 creatures vanquished

Notes
Turn   | Place    | Note
-------+----------+-------------------------------------------
     0 | D:1      | vurker the Tengu Air Elementalist began the quest for the
                  | Orb.
     0 | D:1      | Reached XP level 1. HP: 10/10 MP: 4/4
   264 | D:1      | Reached XP level 2. HP: 11/15 MP: 1/6
   356 | D:1      | Found a faded altar of an unknown god.
   823 | D:1      | Reached XP level 3. HP: 20/20 MP: 2/7
  1300 | D:2      | Found a burning altar of Makhleb.
  1313 | D:2      | Noticed Jessica
  1316 | D:2      | Killed Jessica
  1317 | D:2      | Reached skill level 1 in Fighting
  1323 | D:2      | Reached XP level 4. HP: 25/25 MP: 0/9
  1348 | D:2      | Reached skill level 5 in Air Magic
  1889 | D:2      | Noticed Robin
  2018 | D:2      | Killed Robin
  2019 | D:2      | Gained mutation: Your magical nature lets you fly swiftly
                  | and evasively. [Tengu growth]
  2019 | D:2      | Reached XP level 5. HP: 29/29 MP: 1/10
  2300 | D:2      | Reached skill level 6 in Air Magic
  2300 | D:2      | Reached XP level 6. HP: 34/35 MP: 2/12
  2886 | D:3      | Found Poduibrant's Jewellery Shoppe.
  2979 | D:3      | Learned a level 4 spell: Airstrike
  3331 | D:3      | Found a white marble altar of Elyvilon.
  4203 | D:5      | Entered Level 5 of the Dungeon
  4325 | D:5      | Noticed a sky beast
  4549 | D:5      | Killed a sky beast
  4550 | D:5      | Reached XP level 7. HP: 40/40 MP: 5/14
  4827 | D:5      | Reached skill level 7 in Air Magic
  5109 | D:5      | Found a shimmering altar of Xom.
  5217 | D:5      | Found an ancient bone altar of Kikubaaqudgha.
  5218 | D:5      | Found a sparkling altar of Nemelex Xobeh.
  5834 | D:6      | Reached XP level 8. HP: 46/46 MP: 3/16
  5879 | D:6      | Reached skill level 5 in Spellcasting
  5879 | D:6      | Reached skill level 8 in Air Magic
  6044 | D:6      | Reached skill level 5 in Conjurations
  6118 | D:6      | Found a runed translucent door.
  6119 | D:6      | Noticed Crazy Yiuf
  6284 | D:6      | Noticed Pikel
  6427 | D:6      | Killed Pikel
  6428 | D:6      | Reached skill level 9 in Air Magic
  6530 | D:6      | Reached XP level 9. HP: 52/52 MP: 6/19
  6844 | D:6      | Found a stormy altar of Qazlal.
  6844 | D:6      | Found a basalt altar of Yredelemnul.
  6849 | D:6      | Reached skill level 10 in Air Magic
  6914 | D:6      | Noticed Edmund
  6917 | D:6      | Killed Edmund
  7168 | D:6      | Noticed Sigmund
  7171 | D:6      | Killed Sigmund
  7258 | D:6      | Found an opulent altar of Gozag.
  7862 | D:6      | Killed Crazy Yiuf
  7863 | D:6      | Reached skill level 5 in Fighting
  8029 | D:7      | Identified a scroll of acquirement
  8686 | D:7      | Reached skill level 11 in Air Magic
  8930 | D:7      | Reached XP level 10. HP: 60/60 MP: 13/22
  9095 | D:7      | Found a staircase to the Ecumenical Temple.
  9104 | Temple   | Entered the Ecumenical Temple
  9260 | Temple   | Became a worshipper of Vehumet
  9406 | D:7      | Noticed a two-headed ogre
  9411 | D:7      | Killed a two-headed ogre
  9412 | D:7      | Reached skill level 12 in Air Magic
 10303 | D:8      | Identified the +1 robe of Insecurity {Rampage *Slow +Inv
                  | Stlth+}
 10306 | D:8      | Noticed Maggie
 10311 | D:8      | Killed Maggie
 10553 | D:8      | Noticed a two-headed ogre
 10558 | D:8      | Killed a two-headed ogre
 10559 | D:8      | Reached skill level 13 in Air Magic
 10685 | D:8      | Found a flagged portal.
 10698 | D:8      | Reached * piety under Vehumet
 10698 | D:8      | Offered knowledge of Foxfire by Vehumet.
 10890 | Bailey   | Entered a bailey
 10923 | Bailey   | HP: 2/61 [centaur/javelin (11)]
 11861 | D:9      | Noticed Harold
 11878 | D:9      | Killed Harold
 12122 | D:9      | Noticed Joseph
 12130 | D:9      | Killed Joseph
 12131 | D:9      | Reached XP level 11. HP: 39/67 MP: 1/25
 12413 | D:9      | Noticed a boulder beetle
 12422 | D:9      | Noticed an ice dragon
 12422 | D:9      | a boulder beetle changed into an ice dragon
 12830 | D:9      | Noticed Erolcha
 12835 | D:9      | Killed Erolcha
 12836 | D:9      | Reached skill level 14 in Air Magic
 13028 | D:9      | Killed from afar by an ice dragon

Illustrated notes

Levels and vault maps discovered:
D:1:      amcnicky_arrival_blooded_trapdoor, layout_loops_ring,
          chequers_ecumenical_altar_simple_redux
D:2:      cheibrodos_fertilizer, layout_rooms, basic_altar, uniq_robin,
          uniq_jessica
D:3:      layout_loops_cross, lemuel_tele_altar, serial_shops, shop
D:4:      layout_gridville
D:5:      nicolae_cairo_tiling, layout_basic, nicolae_overflow_hidden_temple
D:6:      layout_basic, grunt_gozag_breadcrumbs, grunt_temple_overflow_open,
          uniq_pikel, uniq_edmund, uniq_crazy_yiuf_cottage, uniq_sigmund
D:7:      layout_basic, minmay_temple_entry_wispy, grunt_livestock
D:8:      layout_loops_cross, enter_bailey_5, uniq_maggie
D:9:      layout_gridville, grunt_ministairs_2, minmay_misc_feat_rows,
          chequers_serial_rivers_large_a, chequers_serial_rivers_small_3,
          uniq_prince_ribbit1, uniq_joseph, uniq_harold, uniq_erolcha
Temple:   nicolae_temple_figure_eight

Skill      XL: |  1  2  3  4  5  6  7  8  9 10 11 |
---------------+----------------------------------+-----
Conjurations   | 2 3 4 5 |  5.0
Fighting       | 1 2 3 4 5 7 |  7.3
Air Magic      | 5 6 7 9 11 13 14 | 14.1
Spellcasting   | 3 4 6 7 9 |  9.9
Dodging        | |  2.1
Stealth        | |  2.0

Action                   |  1- 3 |  4- 6 |  7- 9 | 10-12 || total
-------------------------+-------+-------+-------+-------++-------
Melee: Short sword       |     9 |     1 |     3 |       ||    13
       Peck              |     1 |       |       |       ||     1
       Dagger            |       |     6 |       |       ||     6
       Kick              |       |     1 |     1 |       ||     2
 Cast: Shock             |    55 |   163 |    36 |    22 ||   276
       Airstrike         |       |     7 |    85 |    99 ||   191
Evoke: Wand              |       |       |       |     6 ||     6
  Use: Scroll            |       |       |    13 |     1 ||    14
       Potion            |       |       |     1 |     1 ||     2
Armor: Robe              |     1 |     9 |     6 |     1 ||    17
Dodge: Dodged            |    13 |    37 |    29 |    42 ||   121

Table legend: (Time is in decaauts)
 A = Elapsed time spent in this place.
 B = Non-inter-level travel time spent in this place.
 C = Inter-level travel time spent in this place.
 D = Time resting spent in this place.
 E = Time spent auto-exploring this place.
 F = Levels seen in this place.
 G = Mean time per level.
                   A        B        C        D        E       F      G
               +--------+--------+--------+--------+--------+-----+--------+
         Total |  12551 |  12311 |    240 |    750 |  10272 |  11 | 1141.0 |
       Dungeon |  12362 |  12130 |    232 |    750 |  10134 |   9 | 1373.6 |
        Temple |    151 |    143 |      8 |      0 |    138 |   1 |  151.0 |
        Bailey |     36 |     36 |      0 |      0 |      0 |   1 |   36.0 |
               +--------+--------+--------+--------+--------+-----+--------+

Top non-repeatable levels by time:
     D:6: 2132 daAuts
     D:7: 1940 daAuts
     D:8: 1438 daAuts
     D:5: 1359 daAuts
     D:2: 1308 daAuts
     D:1: 1284 daAuts
     D:9: 1170 daAuts
     D:4: 1029 daAuts
     D:3: 699 daAuts
  Temple: 151 daAuts
  Bailey: 36 daAuts
